 Dungeon Crawl Stone Soup version 0.29.1-15-g9cfb28693d (webtiles) character file.

Game seed: 15617087377556544766

27 javelincjr the Magician (level 2, -3/21 HPs)
             Began as a Demonspawn Hedge Wizard on Mar 31, 2023.
             Was a Follower of Okawaru.
             Slain by a kobold
             ... wielding a +0 club
              (4 damage)
             ... on level 1 of the Dungeon.
             The game lasted 00:03:48 (1674 turns).

javelincjr the Magician (Demonspawn Hedge Wizard)   Turns: 1674, Time: 00:03:49

Health: -3/21      AC:  2    Str: 10    XL:     2   Next: 93%
Magic:  1/6        EV: 12    Int: 15    God:    Okawaru [*.....]
Gold:   24         SH:  0    Dex: 12    Spells: 6/7 levels left

rFire   . . .      SeeInvis .   a - +0 dagger
rCold   . . .      Faith    .   (no shield)
rNeg    . . .      Spirit   .   b - +0 robe
rPois   .          Reflect  .   c - +0 hat
rElec   .          Harm     .   (no cloak)
rCorr   .          Rampage  .   (no gloves)
Will    .....                   (no boots)
Stlth   ++........              (no amulet)
HPRegen 0.07/turn               (no ring)
MPRegen 0.10/turn               (no ring)

@: no status effects
A: hooves 1
a: Renounce Religion, Heroism


You were on level 1 of the Dungeon.
You worshipped Okawaru.
Okawaru was aware of your devotion.
You visited 1 branch of the dungeon, and saw 1 of its levels.

You collected 24 gold pieces.

Inventory:

Hand Weapons
 a - a +0 dagger (weapon)
Armour
 b - a +0 robe (worn)
 c - a +0 hat (worn)
Scrolls
 e - a scroll of poison {unknown}
 h - a scroll of teleportation {unknown}
 i - a scroll of enchant weapon {unknown}
Potions
 d - a potion of magic
 f - a potion of berserk rage {unknown}
 g - 2 potions of heal wounds {unknown}


   Skills:
 * Level 1.0 Fighting
 + Level 0.3 Armour
 + Level 1.9 Dodging
 - Level 1.8 Stealth
 * Level 3.2 Spellcasting
 + Level 1.3 Conjurations
 + Level 1.3 Summonings
 + Level 1.1 Translocations


You had 6 spell levels left.
You knew the following spells:

 Your Spells              Type           Power      Damage    Failure   Level
a - Magic Dart            Conj           24%        1d4       12%         1

Your spell library contained the following spells:

 Spells                   Type           Power      Damage    Failure   Level
 Blink                    Tloc           10%        N/A       19%         2
 Slow                     Hex            8%         N/A       21%         1
 Conjure Flame            Conj/Fire      4%         6-21      41%         3
 Mephitic Cloud           Conj/Pois/Air  3%         N/A       45%         3
 Call Imp                 Summ           Unusable   N/A       N/A         2

Dungeon Overview and Level Annotations

Branches:
Dungeon (1/15)

Altars:
Okawaru

Shops:
D:1 [


Innate Abilities, Weirdness & Mutations

You have large cloven feet.


Message History

The magic dart hits the bat.
You kill the bat!
Okawaru accepts your kill. The rat closely misses you. The rat bites you.
The kobold hits you but does no damage.
You closely miss the kobold. Your kick misses the kobold.
The rat barely misses you. The rat bites you. The kobold barely misses you.
You hit the kobold but do no damage. The kobold hits you with a +0 club.
The rat bites you. x2
The kobold hits you with a +0 short sword.
You barely miss the kobold. You kick the kobold.
The kobold is moderately wounded.
The kobold barely misses you. The rat closely misses you.
The rat twitches its whiskers.
The rat bites you.
The kobold hits you with a +0 short sword.
* * * LOW HITPOINT WARNING * * *
You are too injured to fight recklessly!
You are too injured to fight recklessly!
You are too injured to fight recklessly!
You are too injured to fight recklessly!
You closely miss the kobold. You kick the kobold.
The kobold is moderately wounded.
The kobold hits you with a +0 club.
* * * LOW HITPOINT WARNING * * *
The rat misses you. x2
The kobold hits you with a +0 short sword.
* * * LOW HITPOINT WARNING * * *
You barely miss the kobold.
The kobold is moderately wounded.
The kobold hits you but does no damage. The rat barely misses you.
The rat misses you. The kobold closely misses you.
You barely miss the kobold.
The kobold is moderately wounded.
The kobold barely misses you. The rat barely misses you. The rat misses you.
The kobold misses you.
You barely miss the kobold.
The kobold is moderately wounded.
The kobold hits you with a +0 club.
You die...

#..~~≈≈≈≈≈≈~ ..
##....###.~~≈≈≈≈≈≈≈≈#
#.##.....##..~~≈≈≈≈≈≈≈≈#
##.......##.~~≈~≈≈≈≈≈≈≈#
.........##..~~≈≈≈≈≈≈≈≈≈
.#.........#..~~≈≈≈≈≈≈≈≈
.......g...##..~~~≈≈≈~~~
#...rrK..###..~~~~~~~~
#...K@$.....#(..~~~...
#...........###.....##
#..#.........# ########
#. #.........#
#.........# ###########


You could see a hobgoblin, 2 kobolds and 2 rats.

Vanquished Creatures
  3 dart slugs (D:1)
  4 bats (D:1)
  5 endoplasms (D:1)
  2 giant cockroaches (D:1)
  A hobgoblin (D:1)
  A ball python (D:1)
  2 goblins (D:1)
  A kobold (D:1)
19 creatures vanquished.

Notes
Turn   | Place    | Note
-------+----------+-------------------------------------------
     0 | D:1      | javelincjr the Demonspawn Hedge Wizard began the quest for
                  | the Orb.
     0 | D:1      | Reached XP level 1. HP: 13/13 MP: 4/4
   143 | D:1      | Reached skill level 1 in Translocations
   535 | D:1      | Found a faded altar of an unknown god.
   593 | D:1      | Discovered your monstrous ancestry.
   593 | D:1      | Gained mutation: You have large cloven feet. [demonic
                  | ancestry]
   593 | D:1      | Reached XP level 2. HP: 19/20 MP: 0/6
   611 | D:1      | Prayed at the altar of an unknown god.
   611 | D:1      | Became a worshipper of Warmaster Okawaru
   611 | D:1      | Reached * piety under Okawaru
  1405 | D:1      | Found Canesmec's Antique Armour Shop.
  1664 | D:1      | Reached skill level 1 in Fighting
  1671 | D:1      | HP: 1/21 [kobold/+0 short sword (2)]
  1674 | D:1      | Slain by a kobold

Illustrated notes

Levels and vault maps discovered:
D:1:      minmay_arrival_shoal_huts, layout_basic,
          shapermc_ecumenical_altar_notcrosses, serial_shops,
          nicolae_shop_hallway_stairs, minmay_heptomino_w4

Skill      XL: |  1  2 |
---------------+-------+-----
Translocations | 1 |  1.1
Fighting       | 1 |  1.0
Armour         | |  0.3
Dodging        | |  1.9
Stealth        | |  1.8
Spellcasting   | |  3.2
Conjurations   | |  1.3
Summonings     | |  1.3

Action                   || total
-------------------------++-------
Melee: Dagger            ||    53
       Kick              ||     7
       Punch             ||     1
 Cast: Magic Dart        ||    40
Invok: Heroism           ||     1
Armor: Robe              ||     9
Dodge: Dodged            ||    37
